 Dungeon Crawl Stone Soup version 0.29.1-1-gd02db6906a (webtiles) character file.

Game seed: 2137298343927899235

1929 fireball365 the Cleaver (level 8, -4/66 HPs)
             Began as a Minotaur Fighter on Oct 13, 2022.
             Was an Initiate of Gozag.
             Slain by a killer bee (6 damage)
             ... on level 5 of the Dungeon.
             The game lasted 00:20:45 (5360 turns).

fireball365 the Cleaver (Minotaur Fighter)          Turns: 5360, Time: 00:20:45

Health: -4/66      AC: 15    Str: 21      XL:     8   Next: 97%
Magic:  7/7        EV:  9    Int:  5      God:    Gozag
Gold:   274        SH:  4    Dex:  9 (12) Spells: 7/7 levels left

rFire   . . .      SeeInvis .   a - +0 war axe
rCold   . . .      Faith    .   c - +0 buckler
rNeg    + . .      Spirit   .   t - +0 pearl dragon scales
rPois   .          Reflect  .   (helmet restricted)
rElec   .          Harm     .   B - +1 cloak {Stlth+}
rCorr   .          Rampage  .   (no gloves)
Will    .....                   (no boots)
Stlth   +.........              (no amulet)
HPRegen 0.21/turn               (no ring)
MPRegen 0.10/turn               (no ring)

@: gold aura, studying Conjurations
A: horns 2, retaliatory headbutt
a: Renounce Religion, Potion Petition, Call Merchant, Bribe Branch


You were on level 5 of the Dungeon.
You worshipped Gozag.
Gozag was aware of your devotion.
You visited 2 branches of the dungeon, and saw 6 of its levels.

You collected 395 gold pieces.
You paid 121 gold pieces to Gozag.

Inventory:

Hand Weapons
 a - a +0 war axe (weapon)
 q - a +4 falchion of freezing
 z - a +0 hammer
 A - a +2 quarterstaff of chaos
 F - a +0 mace of protection
Missiles
 b - 5 boomerangs
 n - 41 stones (quivered)
 p - 3 javelins
 J - 6 poisoned darts
Armour
 c - a +0 buckler (worn)
 t - +0 pearl dragon scales (worn)
 B - a +1 cloak of stealth (worn)
 E - a +0 plate armour
Magical Staves
 u - a staff of earth
 D - a staff of air
Wands
 r - a wand of mindburst (6)
 I - a wand of iceblast (11)
Scrolls
 d - a scroll of fear {unknown}
 e - 4 scrolls of teleportation {unknown}
 f - a scroll of magic mapping {unknown}
 h - a scroll of amnesia {unknown}
 k - 3 scrolls of butterflies {unknown}
 m - 4 scrolls of identify {unknown}
 x - a scroll of vulnerability {unknown}
 y - a scroll of enchant weapon {unknown}
 C - a scroll of summoning {unknown}
 G - 2 scrolls of noise {unknown}
 L - a scroll of blinking {unknown}
Potions
 g - 2 potions of mutation {unknown}
 i - 4 potions of degeneration
 l - a potion of attraction {unknown}
 o - 2 potions of brilliance {unknown}
 s - 2 potions of lignification {unknown}
 v - 3 potions of heal wounds {unknown}
 w - a potion of flight {unknown}
 K - a potion of invisibility {unknown}


   Skills:
 - Level 3.8 Fighting
 * Level 11.5 Axes
 + Level 7.1 Armour
 + Level 2.1 Dodging
 + Level 0.8 Stealth
 + Level 5.4 Shields
 + Level 0.1 Evocations


You had 7 spell levels left.
You didn't know any spells.
Your spell library contained the following spells:

 Spells                   Type           Power      Damage    Failure   Level
 Conjure Ball Lightning   Conj/Air       0%         3x3d6     100%        6
 Discord                  Hex            0%         N/A       100%        8
 Disjunction              Tloc           0%         N/A       100%        8


Dungeon Overview and Level Annotations

Branches:
Dungeon (5/15)             Temple (1/1) D:5

Altars:
Dithmenos
Fedhas
Gozag
Hepliaklqana
Kikubaaqudgha
Makhleb
Nemelex Xobeh
Okawaru
Ru
Sif Muna
Trog
Wu Jian
Xom
Yredelemnul
The Shining One

Annotations:
D:5 1 transporter, Arctor's ghost, novice DrTm


Innate Abilities, Weirdness & Mutations

You have a pair of horns on your head.
You reflexively headbutt those who attack you in melee.


Message History

Arctor's ghost resists with some effort.
The killer bee stings you but does no damage. x2
Arctor's ghost hits you.
* * * LOW HITPOINT WARNING * * *
You block the killer bee's attack.
The killer bee stings you but does no damage.
Aiming: Iceblast
Press: ? - help, Q - select action, (/) - cycle Shift-Dir - straight line, f/p - Arctor's ghost
Aim: Arctor's ghost (severely damaged) That beam is likely to hit you.
Continue anyway? [Y]es or [N]o only, please.
That beam is likely to hit you.
Continue anyway?
Okay, then.
Aiming: Mindburst
Press: ? - help, Q - select action, (/) - cycle Shift-Dir - straight line, f - killer bee, p - Arctor's ghost
Aim: a killer bee (chance to affect: 72%)
The killer bee's mind is blasted!
You blow up the killer bee!
The killer bee stings you but does no damage.
Arctor's ghost hits you but does no damage.
The killer bee stings you.
* * * LOW HITPOINT WARNING * * *
Aiming: Mindburst
Press: ? - help, Q - select action, (/) - cycle Shift-Dir - straight line, f - Arctor's ghost
Aim: Arctor's ghost (severely damaged, chance to affect: 41%) Arctor's ghost resists with some effort.
The killer bee stings you but does no damage.
Arctor's ghost screams, "You will join me soon!"
Arctor's ghost hits you but does no damage.
The killer bee barely misses you.
Aiming: Iceblast
Press: ? - help, Q - select action, (/) - cycle Shift-Dir - straight line, p - Arctor's ghost The mass of ice explodes!
The iceblast engulfs Arctor's ghost.
Arctor's ghost is severely damaged.
The killer bee barely misses you. You furiously retaliate!
You headbutt the killer bee.
Arctor's ghost hits you but does no damage.
The killer bee stings you.
You die...
Your body crumbles into a pile of gold.

####.###..#####.!©$$#####....#
#.# #.###...#...#...###.#.#
#.###.##..#..###..#..##.#.##
#.....###...# ..#...###.#..#
#..#...# ###. #..### #.....#
#..##.###.#.#y..#.#.###.##.#
#..##.##.!#..###..#..##.# #
##..>#.###...#yW$#...###.#
###.......#####.@©..#####..#
...........#############..##
###....###.......©.......##
#.....# #.#.......#######
#..######.##.....##
#.........###...## #.#########
##'## #.# #.# ##.##### #.#


You could see a killer bee and Arctor's ghost.

Vanquished Creatures
  Grinder (D:3)
  2 orc warriors (D:5)
  2 ogres (D:5)
  A phantom (D:5)
  3 scorpions
  2 necrophages (D:5)
  6 killer bees (D:5)
  2 howler monkeys (D:5)
  Crazy Yiuf (D:3)
  A jelly (D:5)
  A gnoll bouda (D:4)
  4 hounds
  An orc priest (D:5)
  Ijyb (D:3)
  An iguana (D:5)
  6 orc wizards
  Robin (D:3)
  4 gnolls
  6 adders
  2 ufetubi
  3 worms
  3 dart slugs
  10 orcs
  8 ball pythons
  7 endoplasms
  4 giant cockroaches
  13 goblins
  9 hobgoblins
  2 kobolds
  2 quokkas
  6 bats
  5 frilled lizards
  3 rats
  A spectral orc (D:4)
124 creatures vanquished.

Vanquished Creatures (others)
  4 fungi (D:3)
  7 plants (D:3)
11 creatures vanquished.

Grand Total: 135 creatures vanquished

Notes
Turn   | Place    | Note
-------+----------+-------------------------------------------
     0 | D:1      | fireball365 the Minotaur Fighter began the quest for the
                  | Orb.
     0 | D:1      | Reached XP level 1. HP: 19/19 MP: 0/0
   187 | D:1      | Reached XP level 2. HP: 26/27 MP: 1/1
  1026 | D:2      | Reached XP level 3. HP: 26/33 MP: 2/2
  1187 | D:2      | Reached skill level 3 in Axes
  1257 | D:2      | Found a faded altar of an unknown god.
  1269 | D:2      | Prayed at the altar of an unknown god.
  1269 | D:2      | Became a worshipper of the Shining One
  1269 | D:2      | Reached * piety under the Shining One
  1789 | D:3      | Noticed Robin
  1797 | D:3      | Killed Robin
  1800 | D:3      | Reached skill level 4 in Axes
  1800 | D:3      | Reached XP level 4. HP: 31/40 MP: 3/3
  1895 | D:3      | Noticed Ijyb
  1906 | D:3      | Killed Ijyb
  2155 | D:3      | Reached skill level 5 in Axes
  2155 | D:3      | Reached XP level 5. HP: 41/46 MP: 4/4
  2357 | D:3      | Noticed Grinder
  2368 | D:3      | Paralysed by Grinder for 3 turns
  2371 | D:3      | Killed Grinder
  2372 | D:3      | Reached skill level 7 in Axes
  2372 | D:3      | Reached skill level 5 in Armour
  2372 | D:3      | Reached XP level 6. HP: 49/52 MP: 5/5
  2633 | D:3      | Found a runed translucent door.
  2634 | D:3      | Noticed Crazy Yiuf
  2642 | D:3      | Killed Crazy Yiuf
  2923 | D:4      | Reached ** piety under the Shining One
  2936 | D:4      | Reached XP level 7. HP: 46/58 MP: 6/6
  3008 | D:4      | Reached skill level 8 in Axes
  3225 | D:4      | Found a hazy altar of Hepliaklqana.
  3633 | D:5      | Entered Level 5 of the Dungeon
  3667 | D:5      | Reached skill level 9 in Axes
  3667 | D:5      | Reached skill level 1 in Dodging
  3675 | D:5      | Reached skill level 5 in Shields
  3675 | D:5      | Reached XP level 8. HP: 60/66 MP: 7/7
  3828 | D:5      | Reached skill level 10 in Axes
  3849 | D:5      | Found a staircase to the Ecumenical Temple.
  3873 | D:5      | HP: 2/66 [poisoned by a scorpion]
  4223 | D:5      | Reached skill level 11 in Axes
  4655 | Temple   | Entered the Ecumenical Temple
  4685 | Temple   | Fell from the grace of the Shining One
  4685 | Temple   | Became a worshipper of Gozag Ym Sagoz the Greedy
  4784 | D:5      | Noticed Arctor's ghost (novice DrTm)
  4798 | D:5      | Found a transporter.
  4802 | D:5      | Found a transporter.
  5358 | D:5      | HP: 2/66 [killer bee (5)]
  5360 | D:5      | Slain by a killer bee

Illustrated notes

Levels and vault maps discovered:
D:1:      psy_arrival_spokes, layout_basic
D:2:      layout_rooms, basic_ecumenical_altar
D:3:      layout_loops_ring, serial_bayou_pond_a, uniq_crazy_yiuf_cottage,
          uniq_grinder, uniq_robin, uniq_ijyb
D:4:      wad_river_or_something, layout_cave_pools,
          nicolae_hepliaklqana_monster_ancestors, kennysheep_small_square
D:5:      layout_loops_corners, minmay_temple_entry_ruins, gammafunk_ghost_hive,
          chequers_serial_rivers_micro_d, nrook_uturn, minmay_manual_monstrance
Temple:   dshaligram_water_room_temple

Skill      XL: |  1  2  3  4  5  6  7  8 |
---------------+-------------------------+-----
Shields        | 4 5 |  5.4
Armour         | 4 5 7 |  7.1
Axes           | 4 5 7 9 11 | 11.5
Dodging        | 1 2 |  2.1
Fighting       | |  3.8
Stealth        | |  0.8
Evocations     | |  0.1

Action                   |  1- 3 |  4- 6 |  7- 9 || total
-------------------------+-------+-------+-------++-------
Melee: War axe           |    65 |    81 |   109 ||   255
       Headbutt          |     9 |    22 |    25 ||    56
Evoke: Wand              |       |     1 |    10 ||    11
  Use: Potion            |       |     1 |     7 ||     8
 Stab: Distracted        |       |       |     1 ||     1
Armor: Scale mail        |    33 |    13 |       ||    46
       Pearl dragon scal |       |    29 |   111 ||   140
Dodge: Dodged            |    31 |    43 |    92 ||   166
Block: Buckler           |    16 |     9 |    45 ||    70
